Selects Airborne Battlegroup
Selects Paratrooper Squad Paradrop
Paratrooper Squad Paradrop
Paratrooper Squad Paradrop
Paratrooper Squad Paradrop
Construct Medical Station
Construct Weapon Support Center
Selects Smoke Bombing Run
Selects Paradrop Reinforcements
Improved M9 Bazooka Rockets
Selects Carpet Bombing Run
M4(105) Sherman Bulldozer
M18 Hellcat Tank Destroyer
Paratrooper Squad Paradrop
M18 Hellcat Tank Destroyer